Map: Acid Plant LE

Players

Snoxtar

  • Race: Zerg Zerg
  • Spawn Location: 11:00

kauP - Winner!

  • Race: Terran Terran
  • Spawn Location: 5:00

Event: WCS Valencia 2018

VOD

Have the link to the VOD?

Description

Time

  • Played on: July 12, 2018, 7:11 a.m.
  • Length: 14:06

All games in this series

Show
View Real Time Build Order
Export as new Build Order

Snoxtar Zerg 

Build Orders: Hatch First 

Get SALT Encoding   

  12  0:00  Drone  
  13  0:12  Overlord  
  13  0:17  Drone  
  14  0:30  Drone x2  
  14  0:35  Drone  
  17  0:52  Hatchery  
  17  0:55  Drone  
  17  0:57  Drone  
  18  1:09  Extractor  
  17  1:13  Spawning Pool  
  17  1:16  Drone  
  17  1:20  Drone  
  18  1:28  Drone  
  19  1:40  Overlord  
  19  2:00  Zergling x2, Queen  
  19  2:01  Zergling x2  
  23  2:03  Queen  
  23  2:04  Zergling x2  
  26  2:11  Metabolic Boost  
  26  2:13  Drone  
  27  2:16  Drone  
  28  2:23  Drone  
  28  2:28  Drone  
  30  2:38  Hatchery  
  30  2:41  Drone  
  30  2:44  Drone  
  30  2:45  Drone  
  30  2:48  Zergling x2  
  33  2:55  Overlord  
  33  3:00  Queen  
  33  3:02  Zergling x2  
  36  3:14  Drone  
  36  3:15  Drone x5  
  42  3:22  Drone x2  
  44  3:29  Overlord  
  44  3:40  Overlord  
  43  3:45  Drone x2  
  43  3:47  Drone  
  44  3:50  Drone x2  
  44  3:53  Drone x2, Evolution Chamber  
  47  3:56  Drone  
  47  3:57  Overlord  
  47  4:01  Queen  
  50  4:07  Extractor  
  50  4:09  Extractor  
  48  4:11  Roach Warren  
  48  4:13  Drone x2  
  48  4:14  Drone x3  
  52  4:20  Zerg Missile Weapons Level 1  
  52  4:22  Extractor  
  52  4:23  Lair, Drone  
  52  4:25  Drone  
  52  4:27  Drone  
  52  4:28  Drone  
  55  4:36  Drone  
  55  4:37  Drone x4  
  60  4:41  Overlord  
  60  4:50  Roach  
  60  4:51  Roach x2  
  66  4:52  Overlord  
  66  4:56  Overlord  
  66  5:00  Roach x2  
  66  5:01  Roach  
  66  5:03  Overlord  
  72  5:10  Roach  
  72  5:12  Overlord  
  72  5:13  Drone x3  
  77  5:15  Roach  
  77  5:17  Drone  
  77  5:21  Overlord  
  80  5:23  Glial Reconstitution  
  80  5:25  Roach x2  
  84  5:30  Overlord  
  84  5:32  Roach  
  84  5:34  Roach  
  88  5:36  Roach  
  88  5:37  Roach  
  88  5:39  Roach  
  88  5:41  Roach  
  96  5:43  Roach  
  96  5:49  Roach  
  99  5:51  Ravager x2  
  99  5:52  Overseer  
  99  5:53  Roach x3  
  99  5:55  Overlord  
  107  6:01  Roach  
  109  6:05  Roach x4  
  109  6:07  Roach  
  109  6:08  Roach  
  109  6:11  Overlord  
  121  6:15  Overlord  
  121  6:16  Roach  
  123  6:19  Overlord  
  123  6:21  Overlord  
  123  6:24  Roach x2  
  127  6:26  Roach  
  127  6:32  Roach x3  
  134  6:33  Roach  
  134  6:35  Roach  
  134  6:39  Roach  
  137  6:40  Drone x2  
  137  6:42  Drone  
  137  6:43  Drone  
  137  6:44  Drone  
  137  6:45  Drone  
  137  6:46  Drone  
  135  6:52  Ravager  
  135  6:53  Ravager  
  135  6:54  Roach, Ravager  
  138  6:57  Roach  
  138  7:01  Overlord, Roach  
  144  7:03  Overlord  
  144  7:04  Roach  
  144  7:07  Overlord  
  146  7:09  Overlord  
  146  7:13  Overlord  
  144  7:16  Roach  
  144  7:18  Overlord  
  144  7:19  Extractor  
  144  7:20  Extractor  
  144  7:22  Zerg Missile Weapons Level 2  
  144  7:24  Overlord  
  144  7:25  Roach  
  144  7:26  Roach  
  144  7:27  Roach  
  144  7:29  Roach  
  152  7:30  Overlord, Roach  
  152  7:32  Roach  
  152  7:34  Roach  
  152  7:37  Roach  
  160  7:38  Roach  
  160  7:41  Roach x2  
  160  7:44  Roach  
  168  7:47  Roach  
  168  7:49  Roach  
  168  7:51  Drone  
  171  7:56  Drone x3  
  170  7:58  Roach  
  170  8:00  Overlord  
  170  8:01  Overseer  
  159  8:07  Roach x2  
  159  8:12  Queen  
  155  8:20  Roach x2  
  155  8:23  Roach  
  157  8:28  Drone x5  
  157  8:32  Ravager x2  
  161  8:35  Roach  
  161  8:37  Roach  
  161  8:38  Hatchery  
  161  8:41  Drone x2  
  160  8:44  Roach  
  160  8:48  Overseer x2  
  160  8:51  Roach x2  
  160  8:54  Roach  
  166  8:55  Roach  
  166  8:58  Ravager  
  166  9:00  Roach, Ravager  
  166  9:01  Roach x2  
  174  9:04  Roach  
  174  9:06  Roach  
  175  9:13  Roach x2  
  175  9:16  Roach  
  126  9:24  Roach  
  126  9:25  Roach x4  
  126  9:26  Roach  
  126  9:27  Ravager  
  126  9:28  Ravager  
  127  9:33  Roach  
  127  9:35  Roach  
  127  9:36  Roach  
  131  9:44  Ravager x2  
  133  9:46  Ravager  
  133  9:47  Roach  
  133  9:50  Roach x2  
  142  9:53  Queen  
  142  9:54  Roach  
  142  9:57  Roach  
  142  9:59  Roach  
  144  10:01  Roach x2  
  144  10:06  Roach  
  150  10:11  Zerg Ground Armor Level 1  
  150  10:12  Roach x2  
  154  10:15  Roach  
  154  10:16  Roach  
  154  10:19  Roach  
  160  10:21  Roach  
  160  10:22  Roach  
  160  10:23  Roach  
  160  10:26  Overlord  
  166  10:29  Roach  
  166  10:33  Roach  
  166  10:34  Roach x2  
  166  10:36  Roach  
  166  10:39  Overlord  
  168  10:43  Overlord  
  168  10:44  Overlord  
  168  10:46  Roach  
  168  10:48  Overlord  
  164  10:50  Drone  
  164  10:51  Drone  
  164  10:56  Overlord  
  166  10:58  Roach  
  166  10:59  Roach  
  166  11:01  Drone x2  
  172  11:08  Spore Crawler, Roach  
  172  11:09  Roach  
  175  11:12  Overlord  
  175  11:15  Overlord  
  174  11:18  Drone x2  
  174  11:20  Ravager  
  174  11:21  Ravager x3  
  174  11:22  Ravager  
  174  11:24  Ravager  
  174  11:25  Ravager x3  
  184  11:26  Ravager  
  184  11:28  Drone x2  
  184  11:29  Drone  
  188  11:37  Roach x3  
  194  11:40  Roach  
  194  11:41  Overseer  
  194  11:43  Roach  
  194  11:45  Roach  
  194  11:47  Roach  
  198  11:51  Roach x2  
  159  11:58  Roach x2  
  159  12:00  Roach  
  104  12:02  Roach x2  
  104  12:03  Roach  
  104  12:06  Ravager x3  
  104  12:07  Drone  
  90  12:09  Drone  
  90  12:11  Drone x2  
  90  12:12  Drone  
  92  12:17  Drone  
  92  12:18  Drone  
  92  12:21  Drone x3  
  97  12:26  Roach x2  
  97  12:28  Roach  
  103  12:31  Drone  
  103  12:33  Drone  
  103  12:36  Drone  
  106  12:37  Drone  
  106  12:38  Roach  
  106  12:39  Drone  
  110  12:45  Roach x3  
  110  12:48  Roach  
  109  12:52  Roach  
  109  12:54  Roach  
  109  12:56  Roach  
  95  13:00  Roach  
  95  13:05  Roach  
  87  13:09  Roach  
  87  13:10  Zergling x2  
  87  13:11  Zergling x4  
  88  13:18  Ravager  
  88  13:19  Ravager x2  
  93  13:20  Ravager x3  
  93  13:25  Ravager  
  93  13:26  Zergling x8  
  96  13:33  Ravager  
  96  13:34  Zergling x2  
  98  13:35  Zergling x4  
  98  13:38  Roach  
  98  13:40  Roach  
  104  13:42  Zergling x2  
  104  13:45  Zergling x2  
  104  13:49  Zergling x2  
Show
View Real Time Build Order
Export as new Build Order

kauP Terran - Winner!

Build Orders: Reaper Expand, Bio Tank 

Get SALT Encoding   

  12  0:01  SCV  
  13  0:13  SCV  
  14  0:17  Supply Depot  
  14  0:25  SCV  
  15  0:38  SCV  
  15  0:40  Barracks  
  16  0:44  Refinery  
  16  0:51  SCV  
  17  1:03  SCV  
  18  1:15  SCV  
  19  1:27  Orbital Command, Reaper  
  20  1:40  Command Center  
  20  1:48  Refinery  
  20  1:52  SCV  
  21  1:59  Marine  
  21  2:00  Supply Depot  
  22  2:09  Factory  
  22  2:12  SCV  
  23  2:19  Barracks Reactor  
  23  2:24  SCV  
  24  2:36  SCV  
  25  2:48  SCV  
  26  2:53  Orbital Command  
  26  2:56  Starport  
  26  3:00  SCV  
  27  3:12  SCV, Hellion  
  32  3:13  Barracks Tech Lab, Hellion  
  32  3:19  SCV  
  32  3:24  SCV  
  33  3:31  SCV  
  33  3:33  Stimpack, Marine  
  35  3:34  Hellion  
  35  3:37  SCV  
  35  3:39  Viking  
  37  3:44  SCV  
  38  3:50  SCV  
  38  3:51  Supply Depot  
  39  3:58  Marine  
  39  4:02  SCV  
  41  4:03  SCV  
  41  4:06  Factory Reactor  
  41  4:09  Barracks  
  42  4:15  Barracks  
  42  4:17  SCV x2  
  42  4:21  Marine  
  45  4:29  Starport Tech Lab, SCV x2  
  45  4:31  Supply Depot  
  47  4:32  Supply Depot  
  47  4:34  Engineering Bay  
  47  4:39  Marine  
  47  4:43  SCV  
  49  4:46  Engineering Bay  
  49  4:54  SCV  
  49  4:55  SCV  
  49  4:56  Marine  
  49  4:57  Marine  
  49  4:59  Starport Reactor  
  53  5:01  Refinery  
  53  5:06  Supply Depot  
  53  5:10  SCV x2, Marine  
  53  5:11  Marine x2  
  53  5:13  Siege Tank  
  61  5:14  Marine  
  61  5:15  Marine  
  61  5:18  Terran Infantry Armor Level 1  
  61  5:19  Terran Infantry Weapons Level 1  
  63  5:24  SCV x2  
  65  5:29  Supply Depot  
  65  5:33  Marine x5  
  70  5:37  SCV x2  
  72  5:42  Medivac  
  72  5:45  Siege Tank  
  77  5:50  Medivac  
  77  5:52  Supply Depot  
  77  5:53  Supply Depot, Marine x2  
  77  5:55  Marine  
  77  5:56  Marine  
  83  5:58  Marine  
  83  6:02  Combat Shield  
  84  6:05  SCV x2  
  86  6:13  Supply Depot, Marine x3  
  86  6:14  Marine  
  86  6:16  Marine  
  89  6:30  Siege Tank  
  89  6:31  Marine x4, Medivac x2  
  95  6:39  Supply Depot  
  89  6:48  Marauder  
  89  6:49  Marine x2  
  89  6:53  Refinery  
  93  6:57  Command Center  
  93  7:03  Siege Tank  
  96  7:09  Marauder  
  96  7:12  Supply Depot, Marine x2  
  96  7:13  Marine x2  
  96  7:15  Supply Depot  
  102  7:33  Marine x2  
  102  7:34  Marauder  
  102  7:35  Armory, Siege Tank  
  109  7:49  Marine x2  
  111  7:55  Marauder  
  110  8:09  Marine x4  
  110  8:11  Orbital Command  
  109  8:14  Barracks x2  
  109  8:17  Marauder  
  109  8:18  SCV x2  
  112  8:24  Terran Infantry Weapons Level 2  
  112  8:25  Terran Infantry Armor Level 2  
  112  8:26  Marine  
  113  8:30  SCV  
  114  8:34  Marine  
  114  8:35  Marine  
  114  8:38  Marauder  
  115  8:50  Marine x2  
  115  8:52  Marine  
  115  8:55  Orbital Command  
  115  8:59  Marauder  
  117  9:03  Unknown x2  
  117  9:09  Marine x3  
  118  9:14  Barracks Tech Lab x2  
  118  9:15  Siege Tank  
  113  9:21  Marauder  
  96  9:25  Liberator x2  
  96  9:27  Marine x3  
  96  9:28  Orbital Command  
  85  9:33  Unknown  
  85  9:36  Marauder x2  
  81  9:42  Marauder  
  89  9:47  Siege Tank, Barracks  
  92  9:55  Marine x3  
  92  9:57  Marauder x2  
  99  10:04  Marauder  
  101  10:13  SCV x2  
  103  10:18  Marauder  
  103  10:19  Siege Tank  
  103  10:20  Marine  
  103  10:21  Marauder, Marine x2  
  113  10:25  Marauder  
  113  10:40  Marauder  
  113  10:42  Marauder, Barracks Tech Lab  
  114  10:43  Marine x2  
  114  10:46  Marauder  
  118  10:51  Siege Tank  
  121  11:01  Marauder  
  121  11:03  Marauder  
  121  11:04  Marauder, Supply Depot  
  127  11:08  Marauder, Supply Depot  
  129  11:16  Orbital Command  
  125  11:22  Marauder, Medivac x2  
  125  11:25  Marauder  
  133  11:26  Siege Tank  
  133  11:44  Marauder x3  
  133  11:46  Marauder  
  101  12:03  Marine x2  
  101  12:04  SCV  
  101  12:06  Marauder x3  
  101  12:07  Marauder  
  105  12:19  SCV  
  105  12:20  SCV x2  
  108  12:34  Unknown  
  108  12:36  Siege Tank  
  111  12:42  Marauder x4  
  114  12:56  Command Center  
  114  12:57  Marine x2  
  100  13:03  Marauder x3  
  100  13:04  Marauder  
  99  13:08  Siege Tank  
  102  13:13  Unknown, SCV x2  
  104  13:25  Marauder x4  
  110  13:31  SCV x3  
  125  14:01  Unknown  
Tags
 
Add a new tag
Caveats
  • Supply blocks, unpowered buildings, or Contaminate may cause inaccurate times.
  • Supply counts are checked every 10 seconds.